 Dungeon Crawl Stone Soup version 0.27-a0-1140-g099f9bb0e8 (webtiles) character file.

Game seed: 6588630009216069547

61 CurlyBrace the Chiller (level 3, -5/16 HPs)
             Began as a Felid Ice Elementalist on May 10, 2021.
             Slain by a scorpion (6 damage)
             ... on level 3 of the Dungeon.
             The game lasted 00:03:50 (432 turns).

CurlyBrace the Chiller (Felid Ice Elementalist)      Turns: 432, Time: 00:03:51

Health: -5/16      AC:  1    Str:  4 (5)  XL:     3   Next: 83%
Magic:  4/7        EV: 17    Int: 13 (16) God:
Gold:   17         SH:  0    Dex: 15 (16) Spells: 2/6 levels left
                                        Lives:  0   Deaths: 0

rFire    . . .     SeeInvis +     - Unarmed
rCold    . . .     Faith    .   (shield unavailable)
rNeg     . . .     Spirit   .   (armour unavailable)
rPois    .         Reflect  .   (helmet unavailable)
rElec    .         Harm     .   (cloak unavailable)
rCorr    .         Rampage  .   (gloves unavailable)
Will     .....                  (boots unavailable)
Stlth    ++........             (no amulet)
HPRegen  0.05/turn              (no ring)
MPRegen  0.10/turn              (no ring)

@: lethally poisoned (-5 -> -13), quick
A: very small, claws 1, fangs 3, see invisible, speed 1, shaggy fur 1, stealthy
paws, no weapons or thrown items, no armour, multi-lived
a: no special abilities


You were on level 3 of the Dungeon.
You visited 1 branch of the dungeon, and saw 5 of its levels.

You collected 17 gold pieces.

Inventory:

Potions
 a - a potion of cancellation {unknown}
 b - a potion of mutation {unknown}
 c - a potion of degeneration


   Skills:
 * Level 2.2 Fighting
 - Level 3.0 Dodging
 - Level 3.0 Stealth
 * Level 2.2 Unarmed Combat
 - Level 2.0 Spellcasting
 - Level 3.6 Ice Magic


You had 2 spell levels left.
You knew the following spells:

 Your Spells              Type           Power      Damage    Failure   Level
a - Freeze                Ice            40%        1d6       6%          1
b - Frozen Ramparts       Ice            20%        1d4       17%         3

Your spell library contained the following spells:

 Spells                   Type           Power      Damage    Failure   Level
 Ozocubu's Armour         Ice            10%        N/A       17%         3
 Hailstorm                Conj/Ice       5%         3d4       77%         4
 Metabolic Englaciation   Hex/Ice        2%         N/A       98%         5


Dungeon Overview and Level Annotations

Branches:
Dungeon (5/15)
 Temple: D:4-7

Altars:

Shops:
D:3 *


Innate Abilities, Weirdness & Mutations

You have sharp claws.
You have razor-sharp teeth.
You have supernaturally acute eyesight. (SInv)
You cover ground quickly. (Speed+)
You are covered in fur. (AC +1)
Your paws help you pounce on unaware monsters.
You are incapable of wielding weapons or throwing items.
You cannot wear armour.
You gain extra lives every three experience levels.


Message History

You freeze the orc!
You kill the orc!
Unknown command.
Casting: Freeze (safe; 4% risk of failure)
Confirm with . or Enter, or press ? or * to list all spells.
You can't see any susceptible monsters within range! (Use Z to cast anyway.) Unknown command.
Unknown command.
This spell is potentially lethal to cast!
Memorise Frozen Ramparts, consuming 3 spell levels and leaving 2?
You start memorising the spell.
You continue memorising. x3
The orc shouts!
You finish memorising.
Spell assigned to 'b'.
Okay, then.
Casting: Freeze (safe; 4% risk of failure)
Confirm with . or Enter, or press ? or * to list all spells.
Aiming: Freeze (safe; 4% risk of failure)
Press: ? - help, Shift-Dir - straight line, f - orc
Aim: an orc, wielding a +0 club You freeze the orc!
You kill the orc!
Unknown command.
Items here: )) [ †.
A scorpion comes into view.
The scorpion stings you.
Found a stone staircase leading up.
There is a stone staircase leading up here.
The scorpion stings you.
You are lethally poisoned!
The scorpion poisons you!
You climb upwards.
* * * LOW HITPOINT WARNING * * *
You feel very sick.
There is a stone staircase leading down here.
It was a potion of degeneration.
There was something very wrong with that liquid.
You feel weakened.
You feel dopey.
You feel clumsy.
* * * LOW HITPOINT WARNING * * *
You feel sick. The scorpion stings you.
You die...

#.8.∩<
#.##.##
#...8# #.
..#
...######
......s@#
.######.#
#.# #..
###


You could see a scorpion.

Vanquished Creatures
  An orc priest (D:4)
  An adder (D:3)
  An adder zombie (D:3)
  2 orcs (D:4)
  3 ball pythons
  2 endoplasms
  A giant cockroach (D:3)
  3 goblins
  2 hobgoblins
  A quokka (D:3)
  A kobold (D:4)
18 creatures vanquished.

Vanquished Creatures (others)
  2 withered plants (D:3)
2 creatures vanquished.

Grand Total: 20 creatures vanquished

Notes
Turn   | Place    | Note
-------+----------+-------------------------------------------
     0 | D:1      | CurlyBrace the Felid Ice Elementalist began the quest for
                  | the Orb.
     0 | D:1      | Reached XP level 1. HP: 7/7 MP: 4/4
   100 | D:2      | Found a faded altar of an unknown god.
   261 | D:3      | Found Ixzuogech's General Store.
   267 | D:3      | Reached XP level 2. HP: 12/12 MP: 3/6
   285 | D:5      | Entered Level 5 of the Dungeon
   297 | D:3      | Reached skill level 1 in Fighting
   306 | D:4      | Reached skill level 1 in Unarmed Combat
   341 | D:3      | Reached XP level 3. HP: 14/15 MP: 3/7
   396 | D:4      | Learned a level 3 spell: Frozen Ramparts
   406 | D:4      | Noticed a scorpion
   432 | D:3      | Slain by a scorpion

Illustrated notes

Levels and vault maps discovered:
D:1:      matt_arrival_diagonals, layout_basic
D:2:      layout_loops_ring, shapermc_ecumenical_altar_mp_highgroup
D:3:      layout_loops_ring, serial_undead, serial_undead_b, serial_undead_c,
          serial_undead_b, serial_undead_b, serial_shops,
          nicolae_shop_statue_plus
D:4:      layout_basic, chequers_decorated_corner, uniq_eustachio, uniq_robin,
          uniq_duvessa
D:5:      layout_basic, serial_shops, shop

Skill      XL: |  1  2  3 |
---------------+----------+-----
Stealth        | 3 |  3.0
Fighting       | 1 2 |  2.2
Dodging        | 3 |  3.0
Unarmed Combat | 1 2 |  2.2
Spellcasting   | |  2.0
Ice Magic      | |  3.6

Action                   || total
-------------------------++-------
Melee: Unarmed           ||    17
 Cast: Freeze            ||    21
  Use: Scroll            ||     2
       Potion            ||     1
 Stab: Sleeping          ||     4
Armor: Skin              ||     2
Dodge: Dodged            ||    21

Table legend: (Time is in decaauts)
 A = Elapsed time spent in this place.
 B = Non-inter-level travel time spent in this place.
 C = Inter-level travel time spent in this place.
 D = Time resting spent in this place.
 E = Time spent auto-exploring this place.
 F = Levels seen in this place.
 G = Mean time per level.
                   A        B        C        D        E       F      G
               +--------+--------+--------+--------+--------+-----+--------+
         Total |    363 |    363 |      0 |      0 |      0 |   5 |   72.6 |
       Dungeon |    363 |    363 |      0 |      0 |      0 |   5 |   72.6 |
               +--------+--------+--------+--------+--------+-----+--------+

Top non-repeatable levels by time:
     D:2: 158 daAuts
     D:4: 87 daAuts
     D:3: 64 daAuts
     D:1: 52 daAuts
     D:5: 1 daAuts
